 Dungeon Crawl Stone Soup version 0.16-a0-4108-g6e49b0d (webtiles) character file.

96504 barkface the Blocker (level 16, -12/100 HPs)
             Began as a Gargoyle Fighter on Feb 24, 2015.
             Was the Champion of Okawaru.
             Mangled by Norris
             ... wielding a +0 short sword of venom
              (20 damage)
             ... while paralysed by something
             ... on level 5 of the Shoals on Feb 26, 2015.
             The game lasted 02:22:13 (25528 turns).

barkface the Blocker (Gargoyle Fighter)            Turns: 25528, Time: 02:22:14

Health: -12/100    AC: 31    Str: 38    XL:     16   Next: 17%
Magic:  24/24      EV:  2    Int: 13    God:    Okawaru [******]
Gold:   2173       SH:  0    Dex:  7    Spells: 0 memorised, 15 levels left

rFire  . . .     SeeInvis .     y - +12 mace of Midnight {venom, rC- Str+4 Stlth+}
rCold  x . .     Clarity  .     E - +2 ring mail of Hedonism {rElec rPois Regen+}
rNeg   + + +     SustAb   .     F - +0 large shield (curse)
rPois  ∞         Gourm    +     O - +0 helmet {Int+3}
rElec  +         Spirit   .     r - +5 cloak of the Cockroach {rElec Str+4 Dex-3}
rCorr  .         Warding  .     R - +1 pair of gloves of the Eternal Void {rN+ Slay+3}
rMut   .         Stasis   .     (no boots)
MR     +....                    s - amulet of the gourmand
Stlth  ++........               X - ring of stealth
                                o - ring of positive energy

@: confused, paralysed, mighty, flying, somewhat resistant to hostile
enchantments, unstealthy
A: able to fly continuously, big wings, negative energy resistance 1,
electricity resistance, unbreathing, petrification resistance, rot immunity, AC
+11
a: Stop Flying, Heroism, Finesse, Renounce Religion


You were on level 5 of the Shoals.
You worshipped Okawaru.
Okawaru was exalted by your worship.
You were not hungry.

You visited 5 branches of the dungeon, and saw 28 of its levels.
You also visited: Bailey.

You collected 2902 gold pieces.
You spent 729 gold pieces at shops.

Inventory:

Hand weapons
 y - the +12 mace of Midnight (weapon) {venom, rC- Str+4 Stlth+}
   (Okawaru gifted it to you on level 4 of the Lair of Beasts)

   It poisons the flesh of those it strikes.
   It affects your strength (+4).
   It makes you vulnerable to cold.
   It makes you more stealthy.
Missiles
 Y - 10 javelins of penetration (quivered)
Armour
 r - the +5 cloak of the Cockroach (worn) {rElec Str+4 Dex-3}
   (Okawaru gifted it to you on level 1 of the Shoals)

   It affects your strength (+4).
   It affects your dexterity (-3).
   It insulates you from electricity.
 E - the +2 ring mail of Hedonism (worn) {rElec rPois Regen+}
   (You found it on level 6 of the Dungeon)

   It insulates you from electricity.
   It protects you from poison.
   It increases your rate of regeneration.
 F - a cursed +0 large shield (worn)
 O - a +0 helmet of intelligence (worn)
 R - the +1 pair of gloves of the Eternal Void (worn) {rN+ Slay+3}
   (You bought it in a shop on level 10 of the Dungeon)

   It affects your accuracy and damage with ranged weapons and melee attacks
   (+3).
   It protects you from negative energy.
Rods
 w - a +0 lightning rod (7/13)
   (You found it on level 3 of the Dungeon)
Jewellery
 o - a ring of positive energy (left hand)
 s - an amulet of the gourmand (around neck)
 X - a ring of stealth (right hand)
 Z - an uncursed amulet of rage
Magical devices
 b - a wand of paralysis (10)
 c - a wand of flame (38)
 f - a wand of digging (17)
 n - a wand of polymorph (15)
 t - a wand of heal wounds (3)
 v - a wand of frost (7)
 z - a wand of confusion (34)
 I - a wand of teleportation (6)
 K - a wand of lightning (10)
 U - a wand of fire (5)
 V - a wand of magic darts (9)
 W - a wand of slowing (28)
Scrolls
 i - 10 scrolls of identify
 j - 2 scrolls of enchant weapon
 m - 2 scrolls of amnesia
 p - 4 scrolls of fog
 u - 13 scrolls of remove curse
 L - 2 scrolls of magic mapping
Potions
 a - 3 potions of haste
 e - 7 potions of might
 g - a potion of heal wounds
 h - 4 potions of invisibility
 k - 10 potions of curing
 C - 4 potions of brilliance
 J - a potion of resistance
Comestibles
 d - 15 bread rations
 l - 6 meat rations
 x - a beef jerky


   Skills:
 + Level 11.3 Fighting
   Level 2.0(8.5) Axes
 + Level 13.6(13.7) Maces & Flails
 + Level 10.5 Armour
 - Level 13.1 Dodging
 + Level 13.7 Shields
 + Level 5.2 Invocations
 + Level 4.6 Evocations


You had 15 spell levels left.
You didn't know any spells.

Dungeon Overview and Level Annotations

Branches:
Dungeon (10/15)            Temple (1/1) D:7            Lair (8/8) D:10
 Shoals (5/5) Lair:4        Snake (0/5) Lair:4        Slime (0/6) Lair:8
    Orc (4/4) D:10            Elf (0/3) Orc:4

Altars:
Ashenzari
Cheibriados
Dithmenos
Elyvilon
Okawaru
Qazlal
Ru
Sif Muna
Xom
Yredelemnul
The Shining One
Beogh

Shops:
D:5 ?!(?   D:6 !   D:7 (   D:9 =   D:10 [   Orc:4 }([?

Annotations:
Shoals:5 Norris


Innate Abilities, Weirdness & Mutations

You are resistant to torment.
You are immune to poison.
You can fly continuously.
Your stone body is very resilient (AC +11).
Your wings are large and strong.
You resist negative energy.
You are resistant to electric shocks.
You can survive without breathing.
You are immune to petrification.
You are immune to rotting.


Message History

You start resting.
You are more confused.
You start resting.
You hear something call down the wrath of a god upon you.
Something smites you!
* * * LOW HITPOINT WARNING * * *
You hear a zap.
Something tries to affect you, but you resist.
You hear a splashing noise.
You bludgeon something!!
You hear a zap.
You suddenly lose the ability to move!
You hear something invoke the aid of a god against you.
Something tries to affect you, but you resist.
Something hits you!!
* * * LOW HITPOINT WARNING * * *
You hear something mumble some strange prayers to a god against you.
Something tries to affect you, but you resist.
Something hits you!!
You die...

. ≈≈. #....
≈.≈.###...≈≈
............≈≈
≈≈≈≈≈≈<.≈≈≈.≈≈≈≈
≈≈≈≈≈.≈.≈≈≈≈≈≈≈≈≈
≈≈≈≈≈≈≈≈≈≈≈≈≈≈≈≈≈≈
≈≈≈≈≈≈≈≈)≈≈≈≈≈≈≈≈≈
≈≈≈≈≈≈≈≈{@≈≈≈≈≈≈≈≈≈
≈≈≈≈≈≈....≈≈≈≈PPPP≈≈
≈≈≈≈≈≈...<.≈≈≈PPPPP≈
≈≈≈≈≈..###..≈.P.P.P
≈≈≈≈.. #.....#..≈
≈≈≈≈≈ #....## P≈
≈≈≈≈ ....## ≈ .....
.......


There were no monsters in sight!

Vanquished Creatures
  2 krakens
  An orc warlord (Orc:4)
  3 merfolk impalers
  Fannar (Lair:4)
  6 hydras
  Harold (Lair:4)
  2 merfolk aquamancers
  A merfolk avatar (Shoals:1)
  A centaur warrior (D:10)
  A deep troll shaman (Lair:8)
  5 death yaks
  A satyr (Shoals:4)
  A fire crab (Lair:7)
  A catoblepas (Lair:8)
  11 sea snakes
  2 lindwurms
  5 orc knights
  5 manticores
  7 harpies
  A water nymph (Shoals:1)
  3 oklob plants (Lair:5)
  The ghost of hornqvist the Covert, an experienced SpAs of Okawaru (D:7)
  The ghost of hornqvist the Unseen, an experienced SpAs of Ashenzari (D:9)
  An orc sorcerer (Orc:4)
  10 fauns
  11 griffons
  2 cyclopes (Shoals:2)
  4 black mambas
  8 sirens
  19 elephants
  7 komodo dragons
  16 spiny frogs
  4 fire drakes
  A troll (Orc:4)
  A wandering mushroom (Lair:6)
  5 polar bears
  A two-headed ogre (D:10)
  20 merfolk
  Prince Ribbit (Lair:2)
  12 blink frogs
  A boulder beetle (Orc:1)
  A wind drake (Shoals:1)
  5 snapping turtles
  2 basilisks (Lair:2)
  3 wyverns
  11 water elementals
  A deep elf mage (D:9)
  23 yaks
  2 wargs
  10 hippogriffs
  25 wolves
  6 nagas (Lair:4)
  13 water moccasins
  2 sky beasts
  26 orc warriors
  3 black bears
  13 porcupines
  9 ogres
  An ice beast (D:5)
  2 phantoms
  4 centaurs
  12 crocodiles
  15 giant frogs
  The ghost of hornqvist the Sneak, an average SpAs (D:4)
  A scorpion (Lair:4)
  3 killer bees (D:8)
  4 wights (D:10)
  10 hounds
  A centaur zombie (D:10)
  A crimson imp (D:5)
  A quasit (D:6)
  4 jellies
  26 orc priests
  A centaur skeleton (D:4)
  A giant frog skeleton (D:5)
  8 iguanas
  2 worker ants (D:4)
  39 orc wizards
  A killer bee zombie (D:7)
  12 sheep
  A hound zombie (D:9)
  A mummy (D:10)
  2 hound skeletons
  Robin (D:1)
  22 adders
  7 gnolls
  19 river rats
  3 worms
  3 adder skeletons
  4 giant geckos
  193 orcs
  10 bats
  2 bat skeletons
  A bat zombie (D:5)
  6 giant cockroaches
  30 goblins
  27 hobgoblins
  21 jackals
  11 giant newts
  16 kobolds
  12 quokkas
  A quokka zombie (D:8)
  11 rats
  2 bushes (Lair:5)
  4 plants (Lair:5)
  8 tentacles
910 creatures vanquished.

Vanquished Creatures (collateral kills)
  A worker ant (D:7)
1 creature vanquished.

Vanquished Creatures (others)
  2 orcs (Orc:1)
  2 fungi
  A plant (Shoals:2)
  45 tentacles
  948 tentacle segments
998 creatures vanquished.

Grand Total: 1909 creatures vanquished

Notes
Turn   | Place    | Note
--------------------------------------------------------------
     0 | D:1      | barkface, the Gargoyle Fighter, began the quest for the Orb.
     0 | D:1      | Reached XP level 1. HP: 14/14 MP: 1/1
   150 | D:1      | Reached XP level 2. HP: 16/19 MP: 2/2
   336 | D:1      | Reached XP level 3. HP: 24/24 MP: 3/3
   805 | D:2      | Noticed Robin
   905 | D:1      | Killed Robin
   920 | D:2      | Reached skill level 1 in Maces & Flails
   957 | D:2      | Reached XP level 4. HP: 26/29 MP: 4/4
   959 | D:2      | Reached skill level 4 in Fighting
   963 | D:2      | Reached skill level 1 in Dodging
  1726 | D:3      | Reached XP level 5. HP: 33/33 MP: 5/5
  2279 | D:3      | Found a deep blue altar of Sif Muna.
  2281 | D:3      | Found a shimmering altar of Xom.
  2293 | D:3      | Found a stormy altar of Qazlal.
  2294 | D:3      | Found a shadowy altar of Dithmenos.
  2299 | D:3      | Found an iron altar of Okawaru.
  2304 | D:3      | Became a worshipper of Warmaster Okawaru
  2508 | D:4      | Reached XP level 6. HP: 23/38 MP: 6/6
  2746 | D:4      | Found a shadowy altar of Dithmenos.
  2799 | D:4      | Reached skill level 5 in Shields
  2888 | D:4      | Acquired Okawaru's first power
  2961 | D:4      | Reached XP level 7. HP: 44/44 MP: 7/7
  3222 | D:4      | Noticed hornqvist's ghost (average SpAs)
  3226 | D:4      | Killed hornqvist's ghost
  3445 | D:5      | Entered Level 5 of the Dungeon
  3473 | D:5      | Upgraded the game from 0.16-a0-4092-gb8933cd to 0.16-a0-4097-gb4d75fa
  3530 | D:5      | Reached skill level 5 in Fighting
  3575 | D:5      | Found Ukhlutsese's Distillery.
  3584 | D:5      | Bought a potion of heal wounds for 55 gold pieces
  3584 | D:5      | Bought a potion of heal wounds for 55 gold pieces
  3631 | D:5      | Found Kati Sko's Magic Scroll Shop.
  3640 | D:5      | Bought a scroll of enchant weapon for 97 gold pieces
  3642 | D:5      | Found a stormy altar of Qazlal.
  3772 | D:5      | Found Fruguyx's Antique Weapon Emporium.
  3826 | D:5      | Found Sepoak's Magic Scroll Shoppe.
  3887 | D:5      | Reached XP level 8. HP: 49/49 MP: 8/8
  3923 | D:5      | Reached skill level 6 in Shields
  4122 | D:5      | Found a basalt altar of Yredelemnul.
  4259 | D:5      | Reached skill level 5 in Armour
  4581 | D:6      | Reached skill level 7 in Shields
  4775 | D:6      | Got a distressingly furry ring mail
  4776 | D:6      | Identified the +2 ring mail of Hedonism {rElec rPois Regen+} (You found it on level 6 of the Dungeon)
  4861 | D:6      | Found Vaitur's Distillery.
  4948 | D:6      | Reached XP level 9. HP: 35/55 MP: 9/9
  5404 | D:7      | Found Craraum's Antique Weapon Emporium.
  5425 | D:7      | Got a smoking scale mail
  5426 | D:7      | Identified the cursed -4 scale mail of the Leaf {Contam rElec rC+ Dex+4 Slay+3} (You found it on level 7 of the Dungeon)
  5490 | D:7      | Found a staircase to the Ecumenical Temple.
  5661 | D:7      | Noticed hornqvist's ghost (experienced SpAs)
  5691 | D:7      | Killed hornqvist's ghost
  5691 | D:7      | Reached skill level 5 in Maces & Flails
  5691 | D:7      | Reached skill level 1 in Evocations
  5999 | D:7      | Received a gift from Okawaru
  6694 | D:7      | Reached skill level 1 in Invocations
  6902 | D:8      | Found a glowing golden altar of the Shining One.
  6951 | D:8      | Found a white marble altar of Elyvilon.
  6953 | D:8      | Found a sacrificial altar of Ru.
  6955 | D:8      | Found a shattered altar of Ashenzari.
  7004 | D:8      | Reached XP level 10. HP: 61/61 MP: 12/12
  7328 | D:8      | Found a snail-covered altar of Cheibriados.
  7334 | D:8      | Gained mutation: You are agile. (Dex +2) [potion of mutation]
  7334 | D:8      | Gained mutation: You have an increased reservoir of magic (+10% MP). [potion of mutation]
  7334 | D:8      | Gained mutation: You are somewhat resistant to further mutation. [potion of mutation]
  7375 | D:9      | Found a flagged portal.
  7404 | Bailey   | Entered a bailey
  7594 | Bailey   | Noticed an orc knight
  7728 | Bailey   | Noticed an orc knight
  7757 | Bailey   | Killed an orc knight
  8008 | D:9      | Noticed hornqvist's ghost (experienced SpAs)
  8032 | D:9      | Killed hornqvist's ghost
  8035 | D:9      | Found Claodoxt's Jewellery Shop.
  8066 | D:9      | Reached skill level 8 in Maces & Flails
  8401 | D:10     | Entered Level 10 of the Dungeon
  8521 | D:10     | Acquired Okawaru's second power
  8537 | D:10     | Found a staircase to the Orcish Mines.
  8694 | D:10     | Found a staircase to the Lair.
  8694 | D:10     | Noticed a centaur warrior
  8707 | D:10     | Killed a centaur warrior
  8707 | D:10     | Reached skill level 5 in Dodging
  8845 | D:10     | Reached skill level 9 in Maces & Flails
  8962 | D:10     | Found Goaferat's Armour Shoppe.
  8969 | D:10     | Bought the +1 pair of gloves of the Eternal Void {rN+ Slay+3} for 432 gold pieces
  9166 | Lair:1   | Entered Level 1 of the Lair of Beasts
  9178 | Lair:1   | Noticed a seven-headed hydra
  9190 | Lair:1   | Killed a seven-headed hydra
  9190 | Lair:1   | Received a gift from Okawaru
  9190 | Lair:1   | Reached XP level 11. HP: 26/69 MP: 14/16
  9318 | Lair:1   | Reached skill level 10 in Maces & Flails
  9404 | Lair:1   | Noticed a four-headed hydra
  9416 | Lair:1   | Killed a four-headed hydra
 10589 | Lair:2   | Noticed Prince Ribbit
 10639 | Lair:2   | Reached skill level 11 in Maces & Flails
 10757 | Lair:2   | Reached XP level 12. HP: 70/76 MP: 18/18
 10933 | Lair:2   | Received a gift from Okawaru
 10934 | Lair:2   | Got a smoking cloak {god gift}
 10940 | Lair:2   | Identified the -3 cloak of the Leaf {+Fly} (Okawaru gifted it to you on level 2 of the Lair of Beasts)
 11408 | Lair:3   | Noticed a four-headed hydra
 11420 | Lair:3   | Killed a four-headed hydra
 11709 | Lair:3   | Noticed a five-headed hydra
 11720 | Lair:3   | Killed a five-headed hydra
 12114 | Lair:3   | Reached skill level 12 in Maces & Flails
 12346 | Lair:4   | Reached skill level 10 in Fighting
 12353 | Lair:4   | Found a staircase to the Snake Pit.
 12409 | Lair:4   | Noticed a four-headed hydra
 12420 | Lair:4   | Killed a four-headed hydra
 12420 | Lair:4   | Received a gift from Okawaru
 12420 | Lair:4   | Reached skill level 10 in Shields
 12422 | Lair:4   | Got a transparent mace {god gift}
 12428 | Lair:4   | Identified the +12 mace of Midnight {venom, rC- Str+4 Stlth+} (Okawaru gifted it to you on level 4 of the Lair of Beasts)
 12699 | Lair:4   | Noticed Fannar
 12717 | Lair:4   | Killed Fannar
 12723 | Lair:4   | Noticed Harold
 12746 | Lair:4   | Killed Harold
 12752 | Lair:4   | Found a labyrinth entrance.
 12935 | Lair:4   | Found a staircase to the Shoals.
 13265 | Lair:4   | Reached XP level 13. HP: 82/82 MP: 19/19
 13616 | Lair:5   | Gained mutation: You are covered in fur (AC +1). [potion of beneficial mutation]
 13649 | Lair:5   | Received a gift from Okawaru
 14106 | Lair:5   | HP: 2/82 [acid (8)]
 15014 | Lair:6   | Received a gift from Okawaru
 15929 | Lair:7   | Reached skill level 10 in Dodging
 16230 | Lair:7   | Gained mutation: Your wings are large and strong. [gargoyle growth]
 16230 | Lair:7   | Reached XP level 14. HP: 88/88 MP: 23/23
 16519 | Lair:8   | Entered Level 8 of the Lair of Beasts
 16559 | Lair:8   | Received a gift from Okawaru
 16829 | Lair:8   | Found a staircase to the Slime Pits.
 17070 | Lair:8   | Lost mutation: You are covered in fur (AC +1). [potion of cure mutation]
 17070 | Lair:8   | Lost mutation: You have an increased reservoir of magic (+10% MP). [potion of cure mutation]
 17070 | Lair:8   | Lost mutation: You are agile. (Dex +2) [potion of cure mutation]
 17070 | Lair:8   | Lost mutation: You are somewhat resistant to further mutation. [potion of cure mutation]
 18006 | Temple   | Entered the Ecumenical Temple
 18140 | Orc:1    | Entered Level 1 of the Orcish Mines
 19688 | Orc:4    | Entered Level 4 of the Orcish Mines
 19698 | Orc:4    | Found a staircase to the Elven Halls.
 19825 | Orc:4    | Found a roughly hewn altar of Beogh.
 19843 | Orc:4    | Found Gontuxun's Magic Scroll Boutique.
 19916 | Orc:4    | Bought a scroll of enchant weapon for 90 gold pieces
 20052 | Orc:4    | Received a gift from Okawaru
 20133 | Orc:4    | Noticed an orc warlord
 20159 | Orc:4    | Killed an orc warlord
 20398 | Orc:4    | Found a roughly hewn altar of Beogh.
 20398 | Orc:4    | Found Orailusai's Gadget Boutique.
 20498 | Orc:4    | Found a roughly hewn altar of Beogh.
 20498 | Orc:4    | Found Tiwesm's Antique Armour Emporium.
 20500 | Orc:4    | Found Guxeedis' Antique Weapon Shoppe.
 20672 | Orc:4    | Found a roughly hewn altar of Beogh.
 21055 | Orc:4    | Found a roughly hewn altar of Beogh.
 21533 | Lair:2   | Killed Prince Ribbit
 21653 | Lair:4   | Reached skill level 5 in Invocations
 21657 | Shoals:1 | Entered Level 1 of the Shoals
 21746 | Shoals:1 | Reached skill level 13 in Dodging
 21754 | Shoals:1 | Reached XP level 15. HP: 70/92 MP: 23/23
 21865 | Shoals:1 | Reached skill level 10 in Armour
 22179 | Shoals:1 | Received a gift from Okawaru
 22180 | Shoals:1 | Got a bloodstained cloak {god gift}
 22186 | Shoals:1 | Identified the +5 cloak of the Cockroach {rElec Str+4 Dex-3} (Okawaru gifted it to you on level 1 of the Shoals)
 23028 | Shoals:2 | Upgraded the game from 0.16-a0-4097-gb4d75fa to 0.16-a0-4108-g6e49b0d
 23078 | Shoals:2 | Noticed a kraken
 23301 | Shoals:2 | Killed a kraken
 24888 | Shoals:4 | Reached XP level 16. HP: 100/100 MP: 24/24
 25020 | Shoals:4 | Received a gift from Okawaru
 25182 | Shoals:4 | Found a glowing golden altar of the Shining One.
 25189 | Shoals:4 | Noticed a kraken
 25371 | Shoals:4 | Killed a kraken
 25465 | Shoals:4 | Noticed a kraken
 25489 | Shoals:4 | HP: 5/100 [tentacle[a kraken] (4)]
 25490 | Shoals:5 | Entered Level 5 of the Shoals
 25495 | Shoals:5 | HP: 5/100 [merfolk impaler/trident (4)]
 25498 | Shoals:5 | Noticed Norris
 25504 | Shoals:5 | HP: 1/100 [merfolk/trident (8)]
 25524 | Shoals:5 | Paralysed by something for 4 turns
 25528 | Shoals:5 | Mangled by Norris

Action                   |  1- 3 |  4- 6 |  7- 9 | 10-12 | 13-15 | 16-18 || total
-------------------------+-------+-------+-------+-------+-------+-------++-------
Melee: War axe           |    22 |       |       |       |       |       ||    22
       Whip              |    92 |   262 |   320 |       |       |       ||   674
       Morningstar       |       |    46 |       |       |       |       ||    46
       Flail             |       |       |   182 |   837 |       |       ||  1019
       Mace              |       |       |       |    43 |  1517 |    97 ||  1657
Throw: Tomahawk          |       |     3 |       |       |       |       ||     3
       Javelin           |       |       |     4 |    21 |     8 |       ||    33
Invok: Heroism           |       |       |     2 |    11 |     8 |       ||    21
       Finesse           |       |       |       |       |     3 |     1 ||     4
 Abil: Evoke Berserk Rag |       |       |       |     1 |       |       ||     1
       Fly               |       |       |       |       |     1 |       ||     1
Evoke: Rod               |       |     2 |     8 |       |    21 |     5 ||    36
       Wand              |       |       |     6 |    14 |       |     1 ||    21
  Use: Scroll            |       |     5 |    13 |     7 |     7 |     2 ||    34
       Potion            |       |       |       |     1 |     7 |     3 ||    11
 Stab: Sleeping          |       |       |       |     3 |    15 |       ||    18
       Confused          |       |       |       |     1 |       |       ||     1
       Petrifying        |       |       |       |       |     1 |       ||     1
  Eat: Chunk             |       |     7 |    20 |    20 |    43 |     4 ||    94
